 Dungeon Crawl Stone Soup version 0.18.1-48-g4cf74bf (webtiles) character file.

92 Goudai the Skirmisher (level 4, 0/37 HPs)
             Began as a Formicid Berserker on June 25, 2016.
             Was a Believer of Trog.
             Slain by a hound (3 damage)
             ... on level 2 of the Dungeon.
             The game lasted 00:23:58 (1520 turns).

Goudai the Skirmisher (Formicid Berserker)          Turns: 1520, Time: 00:23:59

Health: 0/37       AC:  4    Str: 22    XL:     4   Next: 90%
Magic:  4/4        EV: 12    Int:  6    God:    Trog [**....]
Gold:   30         SH:  0    Dex: 11    Spells: 0 memorised, 3 levels left

rFire  . . .     SeeInvis +     F - -3 hunting sling (curse)
rCold  . . .     Gourm    .     v - +0 leather armour
rNeg   . . .     Faith    .     (no shield)
rPois  +         Spirit   .     (helmet unavailable)
rElec  .         Dismiss  .     s - +0 cloak
rCorr  .         Reflect  .     (no gloves)
SustAt .         Harm     .     (no boots)
MR     .....                    (no amulet)
Stlth  +.........               (no ring)
                                l - ring of poison resistance

@: not resistant to hostile enchantments, very unstealthy
A: permanent stasis, dig shafts and tunnels, four strong arms, antennae 3
a: Dig, Shaft Self, Trog's Hand, Burn Spellbooks, Renounce Religion


You were on level 2 of the Dungeon.
You worshipped Trog.
Trog was pleased with you.
You were not hungry.

You visited 1 branch of the dungeon, and saw 2 of its levels.

You collected 30 gold pieces.

Inventory:

Hand Weapons
 a - a +0 hand axe
 f - a +0 club
 g - a +0 club
 i - a +6 dagger
 o - a +0 hunting sling
 t - a +0 short sword
 u - a +0 club
 x - a +0 hand axe
 y - a +0 mace
 A - a +0 club
 F - a cursed -3 hunting sling (weapon)
Missiles
 j - a stone (quivered)
 E - 3 poisoned needles
Armour
 b - a +0 animal skin
 e - a +0 scale mail
 n - a +0 leather armour
 s - a +0 cloak (worn)
 v - a +0 leather armour (worn)
Jewellery
 l - a ring of poison resistance (left hand)
Scrolls
 h - a scroll of amnesia
Comestibles
 c - 2 bread rations
 d - 3 beef jerkies
 z - 3 fruits


   Skills:
 + Level 3.8 Fighting
 + Level 0.6 Short Blades
 + Level 3.7 Axes
 + Level 0.4 Slings
 + Level 2.9 Armour
 + Level 2.5 Dodging
 + Level 0.3 Stealth


You had 3 spell levels left.
You didn't know any spells.

Dungeon Overview and Level Annotations

Branches:
Dungeon (2/15)

Altars:


Innate Abilities, Weirdness & Mutations

You are under a permanent stasis effect.
You can dig through walls and to a lower floor.
Your four strong arms can wield two-handed weapons with a shield.
You have a pair of large antennae on your head (SInv).


Message History

Okay, then.
As you read the scroll of immolation, it crumbles to dust.
The creatures around you are filled with an inner flame!
The hound bites you but does no damage. The hound barely misses you.
The hound barely misses you. The hound barely misses you.
The hound barely misses you. The hound bites you but does no damage.
The hound barely misses you.
The hound pauses to sniff the ground.
The hound bites you but does no damage. The hound bites you.
* * * LOW HITPOINT WARNING * * *
You see here a stone.
j - a stone The hound barely misses you.
The hound bites you.
* * * LOW HITPOINT WARNING * * *
The hound bites you.
You die...

########## #........# #####
#........# #...# #........#
#...#########
#........##########...........#
#...>..........................
####†##########...............#
#..........@hK..##.........#
#...........################
#...........######## #######
######..................###......
...†......÷.......(....((.'......
#######.................###......
#.................# #......
###########.......# #......
#.......# #......


You could see a hound (inner flame) and a kobold (inner flame).

Vanquished Creatures
  An adder (D:2)
  2 oozes (D:1)
  2 worms (D:2)
  3 dart slugs
  9 giant cockroaches (D:1)
  6 hobgoblins
  13 jackals
  A quokka (D:2)
  3 bats
  2 giant newts (D:1)
  6 goblins
  2 kobolds
  5 rats
55 creatures vanquished.

Notes
Turn   | Place    | Note
--------------------------------------------------------------
     0 | D:1      | Goudai the Formicid Berserker began the quest for the Orb.
     0 | D:1      | Reached XP level 1. HP: 18/18 MP: 1/1
     1 | D:1      | Found a runed door.
    63 | D:1      | Reached XP level 2. HP: 20/24 MP: 2/2
    84 | D:1      | Reached XP level 3. HP: 14/29 MP: 3/3
   520 | D:1      | Reached ** piety under Trog
   772 | D:1      | Reached XP level 4. HP: 35/37 MP: 4/4
  1520 | D:2      | Slain by a hound

Skill      XL: |  1 |
---------------+----+-----
Dodging        | 2 |  2.5
Fighting       | |  3.8
Short Blades   | |  0.6
Axes           | |  3.7
Slings         | |  0.4
Armour         | |  2.9
Stealth        | |  0.3

Action                   |  1- 3 |  4- 6 || total
-------------------------+-------+-------++-------
Melee: Hand axe          |    50 |       ||    50
       Dagger            |    39 |    47 ||    86
       Hunting sling     |       |     3 ||     3
 Fire: Hunting sling     |       |    68 ||    68
  Use: Scroll            |     1 |     6 ||     7
       Potion            |       |     5 ||     5
  Eat: Bread ration      |       |     1 ||     1
Armor: Scale mail        |    34 |       ||    34
       Leather armour    |     3 |    35 ||    38
Dodge: Dodged            |    49 |    99 ||   148
